 Dungeon Crawl Stone Soup version 0.28.0-43-g3370ac3207 (console) character file.

Game seed: 18212110692315697057

93513 Zeor the Spry (level 16, -18/103 HPs)
             Began as a Djinni Fire Elementalist on Mar 24, 2022.
             Was a High Priest of Qazlal.
             Demolished by Agnes
             ... wielding a +0 lajatang
              (28 damage)
             ... on level 14 of the Dungeon on Mar 25, 2022.
             The game lasted 02:17:42 (28232 turns).

Zeor the Spry (Djinni Fire Elementalist)           Turns: 28232, Time: 02:17:43

Health: -18/103    AC:  9    Str: 11    XL:     16   Next: 57%
Gold:   1320       EV: 25    Int: 23    God:    Qazlal [*****.] SH:  7 Dex: 16

rFire   + + +      SeeInvis +   b - +3 sling "Punk" {acid, rCorr}
rCold   . . .      Faith    .   (no shield)
rNeg    . . .      Spirit   .   O - +2 robe {rC+ rF+}
rPois   ∞          Reflect  .   G - +2 hat {Will+}
rElec   .          Harm     .   e - +0 cloak
rCorr   +          Rampage  .   S - +1 pair of gloves
Will    ++...                   (boots unavailable)
Stlth   +.........              A - amulet of regeneration
HPRegen 1.07/turn               J - ring of see invisible
MPRegen 0.00/turn               F - ring "Nuunopre" {EV+4 Str+4}

@: flying, invisible, repel missiles
A: sickness immunity, fire resistance 2, cold vulnerability 1, float, innate
caster, HP casting, extra vitality 1
a: Renounce Religion, Upheaval, Elemental Force, Disaster Area


You were on level 14 of the Dungeon.
You worshipped Qazlal.
Qazlal was extremely pleased with you.
You visited 4 branches of the dungeon, and saw 24 of its levels.
You also visited: Sewer.

You collected 1704 gold pieces.
You spent 384 gold pieces at shops.

Inventory:

Hand Weapons
 a - the +6 quarterstaff of Pyzeky {vorpal, Dex+4}
   (You found it on level 2 of the Dungeon)

   It inflicts extra damage upon your enemies.
   Dex:       It affects your dexterity (+4).
 b - the +3 sling "Punk" (weapon) {acid, rCorr}
   (You found it on level 13 of the Dungeon)

   Any ammunition fired from it is coated in acid, damaging and corroding those
   it strikes.
   rCorr:     It protects you from acid and corrosion.
 P - a +4 scimitar of flaming
Missiles
 s - 2 throwing nets
 T - 149 sling bullets (quivered ammo)
Armour
 e - a +0 cloak (worn)
 j - the +3 robe of Fashionability {rN+ Str+4 Slay-3}
   (You found it on level 2 of the Dungeon)

   Str:       It affects your strength (+4).
   Slay:      It affects your accuracy & damage with ranged weapons and melee
   (-3).
   rN:        It protects you from negative energy.
 G - a +2 hat of willpower (worn)
 O - a +2 robe of resistance (worn)
 S - a +1 pair of gloves (worn)
Magical Staves
 c - a staff of cold
 q - a staff of poison
Jewellery
 g - a ring of resist corrosion
 h - a ring of positive energy
 x - a ring of ice
 A - an amulet of regeneration (around neck)
 B - a +6 ring of dexterity
 F - the ring "Nuunopre" (right hand) {EV+4 Str+4}
   (You found it on level 2 of the Lair of Beasts)

   [ring of evasion]

   EV:        It affects your evasion (+4).
   Str:       It affects your strength (+4).
 J - a ring of see invisible (left hand)
 K - a ring of willpower
 Q - an amulet of the acrobat
Wands
 f - a wand of flame (15)
 o - a wand of mindburst (9)
 y - a wand of paralysis (9)
 z - a wand of iceblast (19)
 D - a wand of digging (12)
 N - a wand of charming (10)
Scrolls
 k - 2 scrolls of silence
 r - 4 scrolls of enchant armour
 t - 2 scrolls of fear
 u - 7 scrolls of teleportation
 C - 5 scrolls of fog
 E - 4 scrolls of enchant weapon
 H - 7 scrolls of identify
 M - 2 scrolls of immolation
 R - 2 scrolls of brand weapon
 V - 2 scrolls of magic mapping
Potions
 d - 6 potions of curing
 i - 2 potions of brilliance
 l - a potion of ambrosia
 m - 2 potions of haste
 p - 3 potions of resistance
 v - 3 potions of invisibility
 w - 3 potions of berserk rage
 I - a potion of cancellation
 L - 4 potions of might


   Skills:
 + Level 5.9 Fighting
 + Level 8.2 Staves
 * Level 2.2 Slings
 + Level 15.7 Dodging
 - Level 2.4 Stealth
 + Level 6.6 Shields
 + Level 13.8 Spellcasting
 * Level 11.8 Invocations


You had 3 spell levels left.
You knew the following spells:

 Your Spells              Type           Power      Damage    Failure   Level
a - Foxfire               Conj/Fire      100%       2x1d9     0%          1
b - Scorch                Fire           100%       2d10      1%          2
c - Conjure Flame         Conj/Fire      68%        6-21      1%          3
d - Inner Flame           Hex/Fire       68%        N/A       1%          3
e - Flame Wave            Conj/Fire      68%        2d13      1%          4
f - Magic Dart            Conj           100%       1d8       0%          1
g - Call Imp              Summ           68%        N/A       1%          2
h - Summon Guardian Gole  Hex/Summ       68%        N/A       1%          3
i - Dispel Undead         Necr           68%        3d23      1%          4
j - Manifold Assault      Tloc           68%        N/A       1%          5
k - Lightning Bolt        Conj/Air       34%        1d51      1%          5
l - Summon Cactus Giant   Summ           34%        N/A       1%          6
Your spell library was empty.

Dungeon Overview and Level Annotations

Branches:
Dungeon (15/15)            Temple (1/1) D:4            Lair (6/6) D:9
  Swamp (0/4) Lair:4        Snake (0/4) Lair:2        Slime (0/5) Lair:5
    Orc (2/2) D:11            Elf (0/3) Orc:2        Vaults (0/5) D:14
  Sewer (visited)
 Depths: D:15

Altars:
Ashenzari
Cheibriados
Dithmenos
Elyvilon
Fedhas
Gozag
Hepliaklqana
Kikubaaqudgha
Makhleb
Nemelex Xobeh
Okawaru
Qazlal
Ru
Sif Muna
Trog
Uskayaw
Vehumet
Wu Jian
Xom
Yredelemnul
Zin
The Shining One

Shops:
D:3 =   D:7 *   D:9 [   Orc:2 [:(*

Portals:
Trove: D:10 (give 5 potions of resistance)
Ice
Cave: D:15

Annotations:
D:14 Agnes
Lair:3 3 runed translucent doors, pkoi's ghost, journeyman TrMo; rjgbitbgit4bgw's ghost, journeyman MiBe
Lair:5 exclusion: 2 oklob plants
Lair:6 exclusion: oklob plant


Innate Abilities, Weirdness & Mutations

You are immune to sickness and miasma.
You are immune to poison.
Your flesh is very heat resistant. (rF++)
You are vulnerable to cold. (rC-)
You float through the air rather than walking.
You learn spells naturally, not from books.
Your magical power is your life essence.
You have superior vitality. (+4 MHP)


Message History

You kill the white ugly thing!
Qazlal accepts your kill.
The bolt of lightning misses the white ugly thing.
* * * LOW HITPOINT WARNING * * *
You hear a shout! x2
Your guardian golem disappears in a puff of smoke!
Casting: Lightning Bolt (mildly dangerous; 1% risk of failure)
Confirm with . or Enter, or press ? or * to list all spells.
A guardian golem appears, shielding your allies.
* * * LOW HITPOINT WARNING * * *
Your cactus giant disappears in a puff of smoke!
Agnes says, "You dishonour your ancestors."
Okay, then.
You fade into invisibility!
The white ugly thing pecks your guardian golem.
The white ugly thing freezes your guardian golem.
Your guardian golem resists.
Blink to where?
Press: ? - help, Dir - move target, p - white ugly thing
As you read the scroll of blinking, it crumbles to dust.
There is a stone staircase leading up here.
Agnes completely misses you. You block Agnes's attack.
You fly upwards.
There is a stone staircase leading down here.
Okay, then.
Casting: Summon Guardian Golem (safe; 1% risk of failure)
Confirm with . or Enter, or press ? or * to list all spells.
* * * LOW HITPOINT WARNING * * *
Agnes misses you.
Press: ? - help, v - describe, . - travel
Here: Agnes, wielding a +0 lajatang and wearing a +2 robe of willpower (sparse dust, ally target)
The floor.
Agnes hits you with a +0 lajatang!
* * * LOW HITPOINT WARNING * * *
Okay, then.
As you read the scroll of fear, it crumbles to dust.
You assume a fearsome visage.
Agnes resists with some effort.
Agnes completely misses you. x2; Your cactus giant misses Agnes.
Agnes hits you with a +0 lajatang!!
You die...

▒∙∙▒▒▒▒▒▒▒∙∙∙∙∙∙∙∙∙∙▒∙▒▒▒▒▒▒∙▒
▒∙∙∙(∙∙∙∙∙∙▒▒▒▒▒▒▒▒∙▒∙∙∙∙∙∙∙∙∙
▒∙▒▒▒▒▒▒▒▒∙∙∙∙∙∙∙∙▒∙▒▒▒▒▒▒▒▒∙▒
▒▒▒▒▒▒▒▒ ▒∙∙▒▒▒▒▒∙▒∙▒ ▒∙▒
∙∙∙∙∙∙∙▒▒▒ ▒∙∙▒ ▒∙▒∙▒ ▒▒∙▒
∙∙∙∙∙∙▒∙∙▒ ▒∙°▒ ▒^▒∙▒ ▒∙)∙
▒∙^∙∙▒∙∙∙▒ ▒○∙▒ ▒∙▒∙▒ ▒∙∙∙
∙▒∙∙▒∙∙∙∙▒ ▒▒C>▒▒▒▒▒∙▒∙▒ ▒∙▒▒
∙∙▒▒∙∙∙∙∙▒ ▒∙∙∙iR∙∙∙∙▒∙▒ ▒▒∙▒▒
∙∙▒▒∙∙∙∙∙▒▒▒∙▒▒▒▒∙▒▒▒▒∙▒▒▒▒▒▒∙▒∙▒
∙▒∙▒▒∙∙∙∙∙∙∙∙▒ ▒∙▒ ▒∙∙∙∙∙∙∙▒▒▒∙
▒∙∙▒▒▒▒▒▒▒▒∙∙▒▒▒▒∙▒ ▒▒▒▒▒▒▒▒∙▒∙▒
∙∙∙▒ ▒∙∙∙∙∙∙∙▒ ▒∙∙∙∙∙∙∙∙▒▒ ∙∙∙▒
▒∙∙∙▒▒▒▒▒▒▒▒▒∙▒▒▒▒▒∙∙▒ ∙∙∙▒
▒∙∙∙∙∙∙∙∙∙∙^▒∙▒ ▒∙∙▒▒ ∙∙∙▒
▒∙▒∙▒▒▒▒▒▒▒∙▒∙▒ ▒∙[∙∙ ▒∙∙▒ ▒∙▒∙▒
▒∙▒∙▒ ▒∙∙∙∙


You could see Agnes (ally target) and a friendly cactus giant (summoned).

Vanquished Creatures
  Gastronok (Lair:2)
  3 catoblepae (Lair:6)
  A boulder beetle (D:11)
  11 hydras
  5 two-headed ogres
  An anaconda (Lair:5)
  A death knight (D:14)
  4 centaur warriors
  A tengu warrior (D:14)
  An orc high priest (Orc:2)
  4 death yaks (Lair:6)
  Urug (D:12)
  2 skeletal warriors (D:12)
  An orb spider (shapeshifter) (D:13)
  2 wizards (D:15)
  A lindwurm (Lair:6)
  2 orc knights
  3 deep elf pyromancers (D:12)
  11 ugly things
  5 manticores
  8 elephants
  8 cyclopes
  6 black mambas
  A naga mage (D:15)
  A centaur zombie (D:11)
  13 cane toads
  A yaktaur (D:12)
  A freezing wraith (D:12)
  2 rime drakes
  3 efreet
  7 komodo dragons
  4 unseen horrors
  2 polar bears
  2 meliai (shapeshifter) (D:14)
  8 trolls
  A wolf spider simulacrum (D:13)
  A tyrant leech (Lair:4)
  4 dream sheep (Lair:5)
  10 slime creatures
  14 blink frogs
  6 shadows
  A vampire (D:13)
  5 basilisks
  7 wyverns
  8 vampire mosquitoes
  Grum (D:9)
  46 yaks
  2 steam dragons
  4 wargs
  2 acid dragons
  A swamp worm (Lair:4)
  21 water moccasins
  A floating eye (shapeshifter) (D:14)
  2 ice beasts
  24 orc warriors
  7 black bears
  6 ogres
  15 wolves
  8 centaurs
  A necrophage (D:6)
  4 kobold brigands
  10 bullfrogs
  2 scorpions
  A water moccasin skeleton (D:6)
  5 wights (D:8)
  8 howler monkeys
  A centaur skeleton (D:5)
  A gnoll shaman (D:5)
  2 jellies
  11 orc priests
  A bullfrog skeleton (D:6)
  6 hounds
  Jessica (D:2)
  5 iguanas
  10 orc wizards
  A killer bee zombie (D:8)
  Robin (D:4)
  9 gnolls
  7 adders
  2 shadow imps
  5 white imps
  An ufetubus (D:6)
  A worm (D:2)
  2 dart slugs
  49 orcs
  6 bats
  15 endoplasms
  10 giant cockroaches
  14 goblins
  12 hobgoblins
  11 jackals
  17 kobolds
  25 quokkas
  10 ball pythons
  12 frilled lizards
  12 rats
  A foxfire (D:12)
617 creatures vanquished.

Vanquished Creatures (collateral kills)
  A hydra (D:15)
  A centaur warrior (D:14)
  A catoblepas (D:15)
  A two-headed ogre (D:12)
  2 death yaks (Lair:6)
  A fire crab (shapeshifter) (D:14)
  A wizard (D:15)
  An orc knight (Orc:2)
  An orc sorcerer (Orc:2)
  3 ugly things
  A manticore (D:12)
  A kobold demonologist (D:10)
  A freezing wraith (D:15)
  3 slime creatures (D:14)
  2 yaks
  3 vampire mosquitoes (D:10)
  An acid dragon (D:10)
  An ice beast (D:6)
  8 orc warriors
  A kobold brigand (D:10)
  A nameless horror (Orc:2)
  A gnoll sergeant (D:12)
  2 orc priests
  An orc wizard (Orc:2)
  A howler monkey zombie (D:10)
  5 orcs
  3 kobolds (D:10)
  5 foxfires
54 creatures vanquished.

Vanquished Creatures (others)
  An orc warlord (Orc:2)
  2 tengu warriors
  An orc high priest (Orc:2)
  2 orc knights
  2 trolls (Orc:2)
  A basilisk (D:14)
  An orc priest (Orc:2)
  A quokka (D:15)
  806 foxfires
  49 fungi
  75 plants
  6 withered plants (Lair:3)
947 creatures vanquished.

Grand Total: 1618 creatures vanquished

Notes
Turn   | Place    | Note
-------+----------+-------------------------------------------
     0 | D:1      | Zeor the Djinni Fire Elementalist began the quest for the
                  | Orb.
     0 | D:1      | Reached XP level 1. HP: 15/15 MP: 0/0
   318 | D:1      | Reached XP level 2. HP: 18/21 MP: 0/0
   543 | D:1      | Found a faded altar of an unknown god.
   910 | D:1      | Reached XP level 3. HP: 18/25 MP: 0/0
   910 | D:1      | Learned a level 1 spell: Magic Dart
  1456 | D:2      | Noticed Jessica
  1458 | D:2      | Killed Jessica
  1459 | D:2      | Reached XP level 4. HP: 26/31 MP: 0/0
  2282 | D:2      | Noticed an ogre
  2283 | D:2      | Identified the +3 robe of Fashionability {rN+ Str+4 Slay-3}
  2287 | D:2      | Killed an ogre
  2288 | D:2      | Reached XP level 5. HP: 31/35 MP: 0/0
  2288 | D:2      | Learned a level 2 spell: Call Imp
  2376 | D:2      | Identified the +6 quarterstaff of Pyzeky {vorpal, Dex+4}
  2917 | D:2      | Reached XP level 6. HP: 37/40 MP: 0/0
  3161 | D:3      | Found Zashref's Jewellery Shoppe.
  3242 | D:3      | Found a glowing drain.
  3256 | Sewer    | Entered a sewer
  3726 | Sewer    | Reached skill level 5 in Spellcasting
  3727 | Sewer    | Reached XP level 7. HP: 31/45 MP: 0/0
  3727 | Sewer    | Learned a level 3 spell: Summon Guardian Golem
  4607 | D:4      | Noticed Robin
  4613 | D:4      | Killed Robin
  5079 | D:4      | Reached XP level 8. HP: 38/50 MP: 0/0
  5174 | D:4      | Found a staircase to the Ecumenical Temple.
  5180 | Temple   | Entered the Ecumenical Temple
  5311 | Temple   | Became a worshipper of Qazlal Stormbringer
  5627 | D:5      | Entered Level 5 of the Dungeon
  6840 | D:5      | Reached * piety under Qazlal
  6968 | D:6      | Reached XP level 9. HP: 52/55 MP: 0/0
  6968 | D:6      | Learned a level 4 spell: Dispel Undead
  7252 | D:6      | Reached skill level 3 in Dodging
  7502 | D:6      | You are sucked into a shaft and drop 1 floor!
  8051 | D:7      | Found Ceitotac's Assorted Antiques.
  8160 | D:7      | Bought a scroll of identify for 56 gold pieces
  8160 | D:7      | Bought a scroll of identify for 56 gold pieces
  8160 | D:7      | Bought a scroll of identify for 56 gold pieces
  9198 | D:7      | Found a glowing silver altar of Zin.
  9380 | D:8      | Reached ** piety under Qazlal
  9518 | D:8      | Reached skill level 10 in Spellcasting
  9518 | D:8      | Reached XP level 10. HP: 38/60 MP: 0/0
 10626 | D:8      | Reached skill level 1 in Invocations
 11163 | D:9      | Reached skill level 1 in Staves
 11163 | D:9      | Reached skill level 4 in Dodging
 11221 | D:9      | Reached skill level 1 in Fighting
 11236 | D:9      | Reached skill level 1 in Shields
 11454 | D:9      | Reached skill level 5 in Dodging
 11708 | D:9      | Noticed Grum
 11712 | D:9      | Reached XP level 11. HP: 60/68 MP: 0/0
 11712 | D:9      | Learned a level 5 spell: Manifold Assault
 11716 | D:9      | Killed Grum
 12041 | D:9      | Reached skill level 6 in Dodging
 12187 | D:9      | Found Mahowuig's Armour Shoppe.
 12265 | D:9      | Found a staircase to the Lair.
 12522 | D:10     | Entered Level 10 of the Dungeon
 12555 | Lair:1   | Entered Level 1 of the Lair of Beasts
 12625 | Lair:1   | Reached skill level 5 in Invocations
 12940 | Lair:1   | Reached skill level 7 in Dodging
 13417 | Lair:1   | Reached *** piety under Qazlal
 14155 | Lair:2   | Reached skill level 8 in Dodging
 14267 | Lair:2   | Noticed a death yak
 14268 | Lair:2   | Noticed a death yak
 14268 | Lair:2   | Noticed a death yak
 14271 | Lair:2   | Noticed a death yak
 14273 | Lair:2   | Noticed a death yak
 14525 | Lair:2   | Identified the ring "Nuunopre" {EV+4 Str+4}
 14724 | Lair:2   | Noticed Gastronok
 14747 | Lair:2   | Killed Gastronok
 14748 | Lair:2   | Reached XP level 12. HP: 40/76 MP: 0/0
 14915 | Lair:2   | Noticed an eight-headed hydra
 14957 | Lair:2   | Reached skill level 9 in Dodging
 14964 | Lair:2   | Killed an eight-headed hydra
 14965 | Lair:2   | Reached skill level 5 in Staves
 15190 | Lair:2   | Noticed a death yak
 15373 | Lair:2   | Found a staircase to the Snake Pit.
 15916 | Lair:3   | Noticed a seven-headed hydra
 15924 | Lair:3   | Killed a seven-headed hydra
 16109 | Lair:3   | Reached skill level 10 in Dodging
 16324 | Lair:3   | Found a runed translucent gate.
 16324 | Lair:3   | Found a runed translucent gate.
 16324 | Lair:3   | Found a runed translucent gate.
 16325 | Lair:3   | Noticed pkoi's ghost (journeyman TrMo)
 16325 | Lair:3   | Noticed rjgbitbgit4bgw's ghost (journeyman MiBe)
 17072 | Lair:4   | Reached skill level 11 in Dodging
 17077 | Lair:4   | Reached XP level 13. HP: 56/83 MP: 0/0
 17077 | Lair:4   | Learned a level 5 spell: Lightning Bolt
 17406 | Lair:4   | Noticed a seven-headed hydra
 17424 | Lair:4   | Killed a seven-headed hydra
 17497 | Lair:4   | Noticed a seven-headed hydra
 17508 | Lair:4   | Killed a seven-headed hydra
 17583 | Lair:4   | Found a staircase to the Swamp.
 17712 | Lair:4   | Reached skill level 12 in Dodging
 18059 | Lair:5   | Reached skill level 13 in Dodging
 18220 | Lair:5   | Reached **** piety under Qazlal
 18393 | Lair:5   | Noticed an anaconda
 18400 | Lair:5   | Killed an anaconda
 18606 | Lair:5   | Found a staircase to the Slime Pits.
 18647 | Lair:6   | Entered Level 6 of the Lair of Beasts
 18784 | Lair:6   | Reached XP level 14. HP: 40/90 MP: 0/0
 18787 | Lair:6   | Reached skill level 14 in Dodging
 18940 | Lair:6   | Reached skill level 5 in Fighting
 19027 | Lair:6   | Found the +1 robe of Vines {NoPotionHeal Regen++++}
 19116 | Lair:6   | Reached skill level 5 in Shields
 19157 | Lair:6   | Reached skill level 15 in Dodging
 20176 | D:10     | Reached skill level 10 in Invocations
 20761 | D:10     | Found a portal to a secret trove of treasure.
 21085 | D:11     | Reached ***** piety under Qazlal
 21191 | D:11     | Found a staircase to the Orcish Mines.
 21816 | Orc:1    | Entered Level 1 of the Orcish Mines
 21994 | Orc:2    | Entered Level 2 of the Orcish Mines
 22010 | Orc:2    | Reached XP level 15. HP: 84/96 MP: 0/0
 22010 | Orc:2    | Learned a level 6 spell: Summon Cactus Giant
 22069 | Orc:2    | Found Qyfob's General Store.
 22086 | Orc:2    | Bought 2 scrolls of identify for 52 gold pieces
 22086 | Orc:2    | Bought a scroll of teleportation for 39 gold pieces
 22142 | Orc:2    | Found a staircase to the Elven Halls.
 22148 | Orc:2    | Noticed an orc warlord
 22169 | Orc:2    | Killed an orc warlord
 22563 | Orc:2    | Found Aclocer's Antique Armour Shoppe.
 22571 | Orc:2    | Found Fygesaox's Antique Weapon Shoppe.
 22595 | Orc:2    | Bought a glowing robe for 125 gold pieces
 22610 | Orc:2    | Found Zotall's Book Boutique.
 24311 | D:12     | Noticed Urug
 24319 | D:12     | Killed Urug
 24933 | D:13     | Reached XP level 16. HP: 64/103 MP: 0/0
 25400 | D:13     | Found the +3 sling "Punk" {acid, rCorr}
 26865 | D:14     | Found a gate to the Vaults.
 26985 | D:14     | Reached skill level 1 in Slings
 27791 | D:15     | Entered Level 15 of the Dungeon
 27793 | D:15     | Found a frozen archway.
 28194 | D:15     | Found a white marble altar of Elyvilon.
 28214 | D:15     | HP: 3/103 [white ugly thing (30)]
 28219 | D:15     | Noticed Agnes
 28232 | D:14     | Demolished by Agnes

Illustrated notes

Levels and vault maps discovered:
D:1:      dpeg_arrival_round_c, layout_basic,
          hellmonk_ecumenical_altar_heavens_door, serial_curves, eino_curves_02,
          eino_curves_01, nrook_loot_triangle, minmay_fountain_box
D:2:      kennysheep_big_flooded_room, layout_loops_corners,
          kennysheep_generic_room_12, uniq_jessica
D:3:      layout_basic, serial_shops, nicolae_shop_behind_doors,
          gup_sewer_entry_pipe
D:4:      layout_gridville, minmay_temple_entry_hall, uniq_robin
D:5:      layout_loops_ring, kennysheep_generic_room_8
D:6:      layout_basic, serial_bayou_crossing
D:7:      layout_rooms, mainiacjoe_overflow_six_doors_small, serial_shops,
          nicolae_shop_waterfront, corexii_hall_statues_x
D:8:      layout_loops_corners, chequers_avenue
D:9:      layout_long_grid, minmay_lair_entry_grove, serial_shops, shop_statue,
          uniq_grum
D:10:     layout_cave_pools, trove_entry_hex_spiral, palyth_stone_intersect
D:11:     layout_basic, erik_orc_4
D:12:     minmay_the_grid_4x2 [minmay_the_grid_doors, minmay_the_grid_spikes,
          minmay_the_grid_rooms, minmay_the_grid_small_cups,
          minmay_the_grid_all_tris, minmay_the_grid_embedded,
          minmay_the_grid_tree, minmay_the_grid_prize_four_corners],
          layout_basic, chequers_garden, hive_lemuel, uniq_urug
D:13:     layout_long_grid
D:14:     layout_loops_ring, david_vaults_2, hangedman_abyss_or_decor_stagger,
          hangedman_decor_slide_cut
D:15:     grunt_enter_depths_magical_seal, layout_irregular_city,
          elyvilon_altar_4, portal_ice_cave_entry_pillars_2, uniq_agnes
Temple:   nicolae_temple_the_god_donut
Lair:1:   layout_cave_pods, grunt_megastairs_3, serial_bayou_shore_a,
          lemuel_fruit_tree, serial_bayou_shore_b, serial_bayou_shore_b
Lair:2:   layout_layer_cave, dummy_snake_entry, uniq_gastronok
Lair:3:   layout_long_grid, basic_altar, gammafunk_ghost_cemetery
Lair:4:   layout_loops_ring, palyth_hydra_swamp_entry
Lair:5:   beast_lair_carwin_large_3, layout_hall_layers,
          minmay_slime_entry_oklob_open
Lair:6:   evilmike_catoblepas_cave, layout_small_grid,
          hellmonk_guarded_unrand_vines
Orc:1:    layout_diamond_mine
Orc:2:    grunt_orc_gardens, layout_diamond_mine, grunt_orc_garden,
          grunt_orc_garden, grunt_orc_garden, grunt_orc_garden

Skill      XL: |  1  2  3  4  5  6  7  8  9 10 11 12 13 14 15 16 |
---------------+-------------------------------------------------+-----
Spellcasting   | 3 4 5 6 8 10 11 12 13 | 13.8
Stealth        | 2 |  2.4
Dodging        | 3 5 8 11 13 15 | 15.7
Invocations    | 4 7 8 9 10 11 | 11.8
Staves         | 2 4 6 7 8 |  8.2
Fighting       | 1 3 4 5 |  5.9
Shields        | 1 3 4 6 |  6.6
Slings         | 2 |  2.2

Action                   |  1- 3 |  4- 6 |  7- 9 | 10-12 | 13-15 | 16-18 || total
-------------------------+-------+-------+-------+-------+-------+-------++-------
Melee: Quarterstaff      |       |       |     8 |    48 |    72 |    20 ||   148
 Fire: Fustibalus        |       |       |       |       |       |    14 ||    14
 Cast: Foxfire           |    38 |    53 |    83 |   145 |   137 |    16 ||   472
       Scorch            |     3 |    36 |    85 |   192 |   381 |   100 ||   797
       Magic Dart        |       |     3 |    22 |       |     8 |       ||    33
       Flame Wave        |       |     1 |     5 |    10 |    31 |     1 ||    48
       Call Imp          |       |     1 |     5 |     3 |     3 |     2 ||    14
       Inner Flame       |       |       |     2 |     5 |    22 |     3 ||    32
       Summon Guardian G |       |       |     4 |     3 |    21 |    10 ||    38
       Conjure Flame     |       |       |     8 |     6 |     4 |     1 ||    19
       Dispel Undead     |       |       |     3 |     2 |     7 |       ||    12
       Manifold Assault  |       |       |       |    12 |    14 |     9 ||    35
       Lightning Bolt    |       |       |       |       |    67 |    21 ||    88
       Summon Cactus Gia |       |       |       |       |    17 |    17 ||    34
Invok: Elemental Force   |       |       |       |     1 |     6 |       ||     7
       Upheaval          |       |       |       |     1 |     4 |       ||     5
  Use: Scroll            |       |     3 |    12 |     8 |     8 |     2 ||    33
       Potion            |       |       |       |       |     2 |     2 ||     4
 Stab: Sleeping          |       |       |     1 |       |       |       ||     1
       Distracted        |       |       |       |     1 |       |       ||     1
       Paralysed         |       |       |       |       |     1 |       ||     1
Armor: Robe              |     2 |     4 |    22 |    38 |    61 |    12 ||   139
Dodge: Dodged            |     8 |    11 |    42 |   136 |   443 |    92 ||   732
       Repelled          |       |       |       |       |     3 |     3 ||     6
Block: Other             |       |       |       |    24 |    94 |    36 ||   154
